 Dungeon Crawl Stone Soup version 0.29.1-15-g9cfb28693d (webtiles) character file.

Game seed: 904120599265606344

71 Ihaveafatcat the Trooper (level 4, -1/40 HPs)
             Began as a Minotaur Fighter on Mar 29, 2023.
             Was a Plaything of Xom.
             Frozen to death by an endoplasm (4 damage)
             ... on level 2 of the Dungeon.
             The game lasted 00:03:08 (1317 turns).

Ihaveafatcat the Trooper (Minotaur Fighter)         Turns: 1317, Time: 00:03:09

Health: -1/40      AC:  7    Str: 23    XL:     4   Next: 5%
Magic:  3/3        EV:  9    Int:  5    God:    Xom [....*.]
Gold:   25         SH:  4    Dex:  9    Spells: 3/3 levels left

rFire   . . .      SeeInvis .   a - +0 war axe
rCold   . . .      Faith    .   c - +0 buckler
rNeg    . . .      Spirit   .   b - +0 scale mail
rPois   .          Reflect  .   (helmet restricted)
rElec   .          Harm     .   (no cloak)
rCorr   .          Rampage  .   (no gloves)
Will    .....                   (no boots)
Stlth   ..........              (no amulet)
HPRegen 0.13/turn               (no ring)
MPRegen 0.08/turn               (no ring)

@: no status effects
A: horns 2, retaliatory headbutt
a: Renounce Religion


You were on level 2 of the Dungeon.
You worshipped Xom.
You were a beloved toy of Xom.
You visited 1 branch of the dungeon, and saw 2 of its levels.

You collected 25 gold pieces.

Inventory:

Hand Weapons
 a - a +0 war axe (weapon)
Armour
 b - a +0 scale mail (worn)
 c - a +0 buckler (worn)
Jewellery
 i - a ring of ice
 j - an amulet of faith
Scrolls
 e - a scroll of brand weapon {unknown}
 f - a scroll of butterflies
 h - a scroll of blinking
 m - a scroll of enchant weapon {unknown}
Potions
 d - a potion of might
 g - a potion of ambrosia {unknown}
 l - a potion of curing {unknown}
 n - a potion of attraction
 o - a potion of lignification {unknown}


   Skills:
 + Level 4.3 Fighting
 + Level 3.4 Axes
 + Level 4.3 Armour
 + Level 4.3 Shields


You had 3 spell levels left.
You didn't know any spells.
Your spell library was empty.

Dungeon Overview and Level Annotations

Branches:
Dungeon (2/15)

Altars:
Xom

Shops:
D:1 *?(=(


Innate Abilities, Weirdness & Mutations

You have a pair of horns on your head.
You reflexively headbutt those who attack you in melee.


Message History

You block the gnoll's attack. The endoplasm freezes you.
You are frozen.
You are too injured to fight recklessly!
There are monsters nearby!
You are too injured to fight recklessly!
There are monsters nearby!
You are too injured to fight recklessly!
You barely miss the gnoll.
The gnoll is moderately wounded.
You barely miss the gnoll. You hit the endoplasm but do no damage.
You slash the gnoll!
You kill the gnoll!
The endoplasm barely misses you. The gnoll hits you with a +0 whip.
You block the gnoll's attack. The gnoll hits you with a +0 whip.
* * * LOW HITPOINT WARNING * * *
The gnoll hits you but does no damage. The endoplasm freezes you.
You are frozen.
* * * LOW HITPOINT WARNING * * *
The kobold hits you but does no damage.
You slash the gnoll!
You kill the gnoll!
You barely miss the kobold. You closely miss the gnoll. You hit the endoplasm.
The kobold hits you but does no damage. The gnoll barely misses you.
The endoplasm barely misses you.
The ball python bites you but does no damage.
The ball python grabs you. The ball python constricts you.
* * * LOW HITPOINT WARNING * * *
You have reached level 4!
You feel stronger.
You slash the ball python!
You kill the ball python!
You hit the gnoll. You hit the endoplasm. You hit the kobold.
You kill the kobold!
The gnoll hits you with a +0 whip.
* * * LOW HITPOINT WARNING * * *
The endoplasm freezes you.
You are frozen.
You die...

#.......... #.........#
#.........# #.........# .
#.........# .. #.........#
#.$###.))g...... #......@J.....#
##### ####........... ## #...:#
##..†.......# #. ###
..##....####..........## #.##..
#.............../......# #.#..$
.............########...###.....
###.....###..## #.........
............## ##......
##..>...### #.......


You could see a gnoll and an endoplasm.

Vanquished Creatures
  3 gnolls
  A worm (D:2)
  4 bats
  3 endoplasms
  4 giant cockroaches
  4 goblins (D:1)
  A hobgoblin (D:2)
  5 kobolds
  4 quokkas (D:1)
  4 ball pythons
  3 frilled lizards (D:2)
  A rat (D:1)
37 creatures vanquished.

Notes
Turn   | Place    | Note
-------+----------+-------------------------------------------
     0 | D:1      | Ihaveafatcat the Minotaur Fighter began the quest for the
                  | Orb.
     0 | D:1      | Reached XP level 1. HP: 19/19 MP: 0/0
    98 | D:1      | Found Hetotria's General Store.
   111 | D:1      | Found Duotaolut's Magic Scroll Shoppe.
   124 | D:1      | Found a faded altar of an unknown god.
   124 | D:1      | Noticed an eye of devastation
   131 | D:1      | Noticed a golden eye
   135 | D:1      | Noticed a floating eye
   142 | D:1      | Reached XP level 2. HP: 27/27 MP: 1/1
   149 | D:1      | Noticed a golden eye
   155 | D:1      | Prayed at the altar of an unknown god.
   155 | D:1      | Became a worshipper of Xom the Begetter of Discontinuities
   490 | D:1      | Found Ciduket's Jewellery Boutique.
   705 | D:1      | Found Ukapsevu's Weapon Emporium.
   714 | D:1      | XOM: silly message
   876 | D:1      | Found Wonisil's Weapon Shoppe.
   888 | D:1      | Reached XP level 3. HP: 31/33 MP: 2/2
  1317 | D:2      | Reached XP level 4. HP: 5/40 MP: 3/3
  1317 | D:2      | Frozen to death by an endoplasm

Illustrated notes

Levels and vault maps discovered:
D:1:      dpeg_arrival_pond, layout_loops_corners, serial_shops,
          nicolae_shop_bloodbath_and_beyond, nicolae_shop_crystal,
          nicolae_diamond_shop, shop, shop_fountains,
          hellmonk_ecumenical_altar_watching_god
D:2:      layout_rooms, serial_shops, shop_statue

Skill      XL: |  1  2 |
---------------+-------+-----
Fighting       | 4 |  4.3
Armour         | 4 |  4.3
Shields        | 4 |  4.3
Axes           | 3 |  3.4

Action                   |  1- 3 |  4- 6 || total
-------------------------+-------+-------++-------
Melee: War axe           |    80 |     1 ||    81
       Headbutt          |    12 |       ||    12
  Use: Scroll            |     3 |       ||     3
Armor: Scale mail        |    40 |       ||    40
Dodge: Dodged            |    44 |       ||    44
Block: Buckler           |    20 |       ||    20
